 Dungeon Crawl Stone Soup version 0.23-a0-398-g8eab93f (webtiles) character file.

138 Ijustatesigmund the Magician (level 5, -7/37 HPs)
             Began as a Gnoll Wizard on Nov 3, 2018.
             Mangled by Crazy Yiuf
             ... wielding a +4 quarterstaff of chaos
              (20 damage)
             ... while paralysed by Crazy Yiuf
             ... on level 3 of the Dungeon.
             The game lasted 00:05:45 (2638 turns).

Ijustatesigmund the Magician (Gnoll Wizard)         Turns: 2638, Time: 00:05:46

Health: -7/37      AC:  8    Str:  9    XL:     5   Next: 21%
Magic:  11/14      EV:  2    Int: 21    God:
Gold:   78         SH:  0    Dex: 14    Spells: 12/18 levels left

rFire    . . .     SeeInvis .   c - +2 dagger (protect)
rCold    . . .     Gourm    .   (no shield)
rNeg     . . .     Faith    .   a - +0 leather armour
rPois    .         Spirit   .   j - +0 helmet
rElec    .         Reflect  .   (no cloak)
rCorr    .         Harm     .   (no gloves)
MR       .....                  f - +0 pair of boots
Stlth    ++........             (no amulet)
HPRegen  0.12/turn              (no ring)
MPRegen  0.14/turn              (no ring)

@: paralysed
A: distributed training, fangs 1, molten scales 1, shaggy fur 1, strong nose
a: no special abilities


You were on level 3 of the Dungeon.
You were not hungry.

You visited 1 branch of the dungeon, and saw 3 of its levels.

You collected 78 gold pieces.

Inventory:

Hand Weapons
 c - a +2 dagger of protection (weapon)
Missiles
 m - 2 throwing nets
 n - 2 poisoned javelins (quivered)
Armour
 a - a +0 leather armour (worn)
 b - a +0 hat
 f - a +0 pair of boots (worn)
 j - a +0 helmet (worn)
Scrolls
 e - 2 scrolls of remove curse
 h - 2 scrolls of amnesia
 l - a scroll of blinking {unknown}
 p - a scroll of enchant weapon {unknown}
Potions
 g - a potion of agility
 i - a potion of invisibility {unknown}
 k - a potion of mutation
 o - a potion of heal wounds {unknown}
Comestibles
 d - 5 rations


   Skills:
 + Level 1.4 Fighting
 + Level 1.4 Short Blades
 + Level 1.4 Long Blades
 + Level 1.4 Axes
 + Level 1.4 Maces & Flails
 + Level 1.4 Polearms
 + Level 1.4 Staves
 + Level 1.4 Slings
 + Level 1.4 Bows
 + Level 1.4 Crossbows
 + Level 1.4 Throwing
 + Level 1.4 Armour
 + Level 4.7 Dodging
 + Level 4.3 Stealth
 + Level 1.4 Shields
 + Level 1.4 Unarmed Combat
 + Level 7.2 Spellcasting
 + Level 2.3 Conjurations
 + Level 1.1 Hexes
 + Level 1.1 Charms
 + Level 2.3 Summonings
 + Level 1.1 Necromancy
 + Level 2.3 Translocations
 + Level 1.1 Transmutations
 + Level 1.1 Fire Magic
 + Level 1.1 Ice Magic
 + Level 1.1 Air Magic
 + Level 1.1 Earth Magic
 + Level 1.1 Poison Magic
 + Level 1.5 Invocations
 + Level 1.4 Evocations


You had 12 spell levels left.
You knew the following spells:

 Your Spells              Type           Power        Failure   Level  Hunger
a - Magic Dart            Conj           ###.         4%          1    None
b - Blink                 Tloc           N/A          7%          2    None
c - Mephitic Cloud        Conj/Pois/Air  ##......     19%         3    None

Your spell library contained the following spells:

 Spells                   Type           Power        Failure   Level  Hunger
 Call Imp                 Summ           ###.....     7%          2    None
 Slow                     Hex            ##......     11%         2    None
 Conjure Flame            Conj/Fire      ###.....     17%         3    None


Dungeon Overview and Level Annotations

Branches:
Dungeon (3/15)

Altars:
Fedhas
Xom
Yredelemnul

Annotations:
D:3 Crazy Yiuf


Innate Abilities, Weirdness & Mutations

Your experience applies equally to all skills.
You have very sharp teeth.
Your uncanny sense of smell can sniff out nearby items.
You are partially covered in molten scales. (AC +2)
You are covered in fur. (AC +1)


Message History

Aim: Crazy Yiuf, wielding a +4 quarterstaff of chaos and wearing a +0 cloak of The ball explodes into a vile cloud!
The stinking cloud engulfs Crazy Yiuf.
Crazy Yiuf shouts!
Crazy Yiuf is engulfed in noxious fumes.
Throwing (i - inventory. (/) - cycle)
n - 3 poisoned javelins (quivered)
Press: ? - help, Shift-Dir - straight line, f/p - Crazy Yiuf
Aim: Crazy Yiuf, wielding a +4 quarterstaff of chaos and wearing a +0 cloak of You throw a poisoned javelin.
The poisoned javelin hits Crazy Yiuf.
Crazy Yiuf is poisoned.
Crazy Yiuf is moderately wounded.
Crazy Yiuf screams, "Whiteboard!"
Crazy Yiuf screams, "Shadow!
Citrus return to song sizzlefizz."
Crazy Yiuf hits you with a +4 quarterstaff of chaos!
You suddenly lose the ability to move!
Crazy Yiuf cries, "Action chair meccalolo!"
Crazy Yiuf hits you with a +4 quarterstaff of chaos.
Crazy Yiuf hits you with a +4 quarterstaff of chaos!
You are electrocuted!
Ouch! That really hurt!
You die...

# #.##.#
#....# #.
#....#
♣....♣
#.###.####
♣♣...♣
#.....#
♣♣.♣♣
###.###
♣♣.♣ #.#
♣.♣♣ ## #.#
♣♣.♣ .# #.#
♣.♣♣ .# #.#
#@# .####.#
#.g.#
......#
#...#
....###
#§.§#
....###.###
#####
...........
....###.###
....# ....#


You could see Crazy Yiuf.

Vanquished Creatures
  3 gnolls (D:3)
  6 adders
  2 oozes
  A dart slug (D:1)
  2 leopard geckos (D:2)
  An orc (D:3)
  A ball python (D:2)
  5 bats
  2 giant cockroaches
  2 goblins
  4 hobgoblins
  3 jackals (D:3)
  7 kobolds
  A quokka (D:2)
  2 frilled lizards (D:2)
  8 rats
50 creatures vanquished.

Notes
Turn   | Place    | Note
-------+----------+-------------------------------------------
     0 | D:1      | Ijustatesigmund the Gnoll Wizard began the quest for the
                  | Orb.
     0 | D:1      | Reached XP level 1. HP: 13/13 MP: 8/8
    49 | D:1      | Reached XP level 2. HP: 10/19 MP: 0/10
  1095 | D:1      | Reached XP level 3. HP: 24/25 MP: 1/11
  1367 | D:2      | Reached skill level 1 in Invocations
  1395 | D:2      | Reached skill level 1 in Fighting
  1395 | D:2      | Reached skill level 1 in Short Blades
  1395 | D:2      | Reached skill level 1 in Long Blades
  1395 | D:2      | Reached skill level 1 in Axes
  1395 | D:2      | Reached skill level 1 in Maces & Flails
  1395 | D:2      | Reached skill level 1 in Polearms
  1395 | D:2      | Reached skill level 1 in Staves
  1395 | D:2      | Reached skill level 1 in Slings
  1395 | D:2      | Reached skill level 1 in Bows
  1395 | D:2      | Reached skill level 1 in Crossbows
  1395 | D:2      | Reached skill level 1 in Throwing
  1395 | D:2      | Reached skill level 1 in Armour
  1395 | D:2      | Reached skill level 1 in Shields
  1395 | D:2      | Reached skill level 1 in Unarmed Combat
  1395 | D:2      | Reached skill level 1 in Evocations
  1395 | D:2      | Reached XP level 4. HP: 32/32 MP: 1/13
  1478 | D:2      | Gained mutation: You are covered in fur. (AC +1) [potion of
                  | mutation]
  1478 | D:2      | Gained mutation: You are partially covered in molten
                  | scales. (AC +2) [potion of mutation]
  1736 | D:2      | Found a basalt altar of Yredelemnul.
  1770 | D:2      | Found a shimmering altar of Xom.
  1775 | D:2      | Noticed an ogre
  1811 | D:1      | Learned a level 2 spell: Blink
  1815 | D:1      | Learned a level 3 spell: Mephitic Cloud
  2368 | D:3      | Reached skill level 1 in Hexes
  2368 | D:3      | Reached skill level 1 in Charms
  2368 | D:3      | Reached skill level 1 in Necromancy
  2368 | D:3      | Reached skill level 1 in Transmutations
  2368 | D:3      | Reached skill level 1 in Fire Magic
  2368 | D:3      | Reached skill level 1 in Ice Magic
  2368 | D:3      | Reached skill level 1 in Air Magic
  2368 | D:3      | Reached skill level 1 in Earth Magic
  2368 | D:3      | Reached skill level 1 in Poison Magic
  2386 | D:3      | Reached XP level 5. HP: 37/37 MP: 1/14
  2556 | D:3      | Found a blossoming altar of Fedhas.
  2629 | D:3      | Found a runed door.
  2633 | D:3      | Noticed Crazy Yiuf
  2636 | D:3      | Paralysed by Crazy Yiuf for 6 turns
  2638 | D:3      | Mangled by Crazy Yiuf

Vault maps used:
D:1:      mrwooster_arrival_statue_2, lemuel_old_faithful
D:2:      lemuel_round_altar, nicolae_overflow_hidden_temple, first_ration
D:3:      fedhas_altar_3, uniq_crazy_yiuf_cottage

Skill      XL: |  1  2  3  4 |
---------------+-------------+-----
Conjurations   | 2 |  2.3
Summonings     | 2 |  2.3
Translocations | 2 |  2.3
Invocations    | 1 |  1.5
Fighting       | 1 |  1.4
Short Blades   | 1 |  1.4
Long Blades    | 1 |  1.4
Axes           | 1 |  1.4
Maces & Flails | 1 |  1.4
Polearms       | 1 |  1.4
Staves         | 1 |  1.4
Slings         | 1 |  1.4
Bows           | 1 |  1.4
Crossbows      | 1 |  1.4
Throwing       | 1 |  1.4
Armour         | 1 |  1.4
Shields        | 1 |  1.4
Unarmed Combat | 1 |  1.4
Evocations     | 1 |  1.4
Hexes          | 1 |  1.1
Charms         | 1 |  1.1
Necromancy     | 1 |  1.1
Transmutations | 1 |  1.1
Fire Magic     | 1 |  1.1
Ice Magic      | 1 |  1.1
Air Magic      | 1 |  1.1
Earth Magic    | 1 |  1.1
Poison Magic   | 1 |  1.1
Dodging        | |  4.7
Stealth        | |  4.3
Spellcasting   | |  7.2

Action                   |  1- 3 |  4- 6 || total
-------------------------+-------+-------++-------
Melee: Unarmed           |     5 |       ||     5
       Bite              |     1 |     3 ||     4
       Short sword       |     5 |       ||     5
       Dagger            |     2 |    33 ||    35
       Punch             |       |     1 ||     1
Throw: Javelin           |       |     2 ||     2
 Cast: Magic Dart        |    63 |    39 ||   102
       Mephitic Cloud    |       |     2 ||     2
       Blink             |       |     1 ||     1
  Use: Scroll            |     4 |     3 ||     7
       Potion            |     1 |     1 ||     2
 Stab: Confused          |       |     1 ||     1
  Eat: Chunk             |     1 |     4 ||     5
Armor: Leather armour    |     2 |    11 ||    13
       Robe              |     1 |       ||     1
Dodge: Dodged            |    30 |    15 ||    45

Table legend:
 A = Non-vault XP
 B = Vault XP
 C = Vault XP percentage of total XP
 D = Non-vault monster count
 E = Vault monster count
 F = Vault count percentage of total count
                 A         B        C        D         E       F
            +---------+---------+-------+---------+---------+-------
      Total |     198 |       0 |   0.0 |      50 |       0 |   0.0
            +---------+---------+-------+---------+---------+-------
        D:1 |      36 |       0 |   0.0 |      14 |       0 |   0.0
        D:2 |      79 |       0 |   0.0 |      24 |       0 |   0.0
        D:3 |      83 |       0 |   0.0 |      12 |       0 |   0.0
            +---------+---------+-------+---------+---------+-------
